 Dungeon Crawl Stone Soup version 0.26.0-10-g1f06aea511 (webtiles) character file.

Game seed: 2758923126833355759

2722 Acheron the Cutter (level 9, -3/65 HPs)
             Began as a Purple Draconian Artificer on Jan 14, 2021.
             Was a Follower of Hepliaklqana.
             Slain by a vampire (9 damage)
             ... on level 8 of the Dungeon.
             The game lasted 00:39:07 (7778 turns).

Acheron the Cutter (Purple Draconian Artificer)     Turns: 7778, Time: 00:39:07

Health: -3/65      AC: 11    Str: 16    XL:     9   Next: 39%
Magic:  13/13      EV: 12    Int: 12    God:    Hepliaklqana [*.....]
Gold:   400        SH:  9    Dex: 13    Spells: 10/13 levels left

rFire    . . .     SeeInvis .   y - +3 dagger (drain)
rCold    . . .     Faith    .   B - +0 kite shield
rNeg     . . .     Spirit   .   (armour unavailable)
rPois    .         Reflect  .   (helmet restricted)
rElec    .         Harm     .   m - +2 cloak
rCorr    .         Rampage  .   (no gloves)
Will     ++...                  g - +0 pair of boots
Stlth    ++++......             (no amulet)
HPRegen  0.20/turn              E - ring of stealth
MPRegen  0.13/turn              w - ring of willpower

@: about to teleport
A: breathe power, unfitting armour, reduced essence, cold-blooded, AC +7
a: Breathe Dispelling Energy, Renounce Religion, Recall Ancestor, Ancestor
Identity


You were on level 8 of the Dungeon.
You worshipped Hepliaklqana.
Hepliaklqana was aware of your devotion.
You visited 2 branches of the dungeon, and saw 11 of its levels.

You collected 400 gold pieces.

Inventory:

Hand Weapons
 f - a +4 hunting sling of flaming
 i - a +0 war axe
 s - a +3 flail
 y - a +3 dagger of draining (weapon)
 I - a +0 spectral quarterstaff
Missiles
 h - 8 silver javelins
 j - 2 atropa-tipped darts
 t - 41 poisoned darts
 A - 43 sling bullets
 H - 73 stones
Armour
 g - a +0 pair of boots (worn)
 m - a +2 cloak (worn)
 B - a +0 kite shield (worn)
 D - a scarf of shadows
Jewellery
 n - an uncursed amulet of magic regeneration
 w - a ring of willpower (right hand)
 C - an uncursed ring of wizardry
 E - a ring of stealth (left hand)
 L - an uncursed amulet of magic regeneration
Wands
 b - a wand of flame (14) (quivered)
 c - a wand of enslavement (15)
 l - a wand of random effects (16)
 o - a wand of paralysis (6)
 r - a wand of polymorph (20)
Scrolls
 v - 4 scrolls of teleportation
 z - a scroll of fear
 F - 5 scrolls of amnesia
 M - a scroll of magic mapping {unknown}
Potions
 a - 3 potions of haste
 d - a potion of magic {unknown}
 e - 2 potions of resistance
 k - 2 potions of flight
 p - 3 potions of curing
 q - 3 potions of lignification {unknown}
 u - a potion of brilliance
 x - a potion of invisibility {unknown}
 G - 2 potions of degeneration {unknown}
 N - a potion of berserk rage {unknown}
 O - a potion of might {unknown}


   Skills:
 * Level 4.8 Fighting
 * Level 6.0 Short Blades
 * Level 2.3 Throwing
 * Level 5.4 Dodging
 * Level 5.1 Stealth
 * Level 3.9 Shields
 * Level 2.9 Spellcasting
 * Level 1.1 Translocations
 * Level 1.3 Invocations
 * Level 5.1 Evocations


You had 10 spell levels left.
You knew the following spells:

 Your Spells              Type           Power        Failure   Level
a - Gell's Gravitas       Tloc           2%           89%         3

Your spell library contained the following spells:

 Spells                   Type           Power        Failure   Level
 Confusing Touch          Hex            1%           97%         3
 Petrify                  Tmut/Erth      1%           100%        4
 Metabolic Englaciation   Hex/Ice        0%           100%        5
 Yara's Violent Unravell  Hex/Tmut       0%           100%        5


Dungeon Overview and Level Annotations

Branches:
Dungeon (10/15)            Temple (1/1) D:6
   Lair: D:8-11         Orc: D:9-12

Altars:
Ashenzari
Cheibriados
Dithmenos
Elyvilon
Fedhas
Gozag
Hepliaklqana
Kikubaaqudgha
Makhleb
Nemelex Xobeh
Okawaru
Qazlal
Ru
Sif Muna
Trog
Uskayaw
Vehumet
Wu Jian
Xom
Yredelemnul
Zin
The Shining One

Annotations:
D:5 exclusion: upstairs
D:6 2 transporters, Saltbearer's ghost, amateur GnDe
D:8 1 runed translucent door, pzskc383's ghost, novice GrEE


Innate Abilities, Weirdness & Mutations

You can breathe bolts of dispelling energy.
Your rich purple scales are hard. (AC +7)
You cannot fit into any form of body armour.
You are cold-blooded and may be slowed by cold attacks.
Your life essence is reduced to manifest your ancestor. (-10% HP)


Message History

There is a stone staircase leading down here.
Something hits you.
Deactivating autopickup; reactivate with Ctrl-A.
You block something's attack.
You hit something but do no damage.
Your tail-slap misses something.
Something hits you. You block something's attack.
You hit something but do no damage. Something hits you but does no damage.
Something bites you.
Something draws strength from your injuries!
You closely miss something. You hit something. Something hits you.
Something bites you but does no damage.
You hit something but do no damage. You tail-slap something.
Something hits you. Something bites you!
* * * LOW HITPOINT WARNING * * *
Something draws strength from your injuries!
As you read the scroll of teleportation, it crumbles to dust.
You feel strangely unstable. Something hits you!
* * * LOW HITPOINT WARNING * * *
Something bites you!
You die...

..#.###............#.#
...## #..............####
...# #..................#
....##.......[...#......###
..........)...#####.......#
..............####......###
...........>##...###
.......###.{.#....#
........###@##...##
.......###.....#.###
##...#..##...##......#...#
.#......#................#
.#.#...##......##...##..##
.(.....##....########...#
.......##.......# ##.##
.......##.......# ###
...............###


There were no monsters in sight!

Vanquished Creatures
  A water moccasin (D:7)
  An orc warrior (D:9)
  2 phantoms
  4 ogres
  A centaur (D:9)
  Blork the orc (D:5)
  3 bullfrogs
  2 howler monkeys
  A bullfrog zombie (D:5)
  5 hounds
  4 orc priests
  2 bullfrog skeletons
  A centaur skeleton (D:8)
  5 orc wizards
  Ijyb (D:5)
  2 iguanas
  5 worker ants
  A hound skeleton (D:8)
  5 adders
  An ufetubus (D:8)
  An adder skeleton (D:5)
  An adder zombie (D:6)
  6 worms
  4 dart slugs
  6 leopard geckos
  20 orcs
  8 bats
  6 giant cockroaches
  13 goblins
  4 hobgoblins
  6 jackals
  3 kobolds
  A quokka (D:7)
  A ball python (D:2)
  5 frilled lizards
  A quokka zombie (D:5)
  12 rats
146 creatures vanquished.

Vanquished Creatures (collateral kills)
  Joseph (D:7)
  A phantom (D:9)
  A centaur (D:8)
  A howler monkey (D:7)
  A hound (D:7)
  An orc priest (D:7)
  An orc wizard (D:9)
  2 bullfrog skeletons
  An adder skeleton (D:9)
  A leopard gecko (D:5)
  4 orcs
15 creatures vanquished.

Vanquished Creatures (others)
  6 plants (D:6)
6 creatures vanquished.

Grand Total: 167 creatures vanquished

Notes
Turn   | Place    | Note
-------+----------+-------------------------------------------
     0 | D:1      | Acheron the Draconian Artificer began the quest for the
                  | Orb.
     0 | D:1      | Reached XP level 1. HP: 16/16 MP: 1/1
   141 | D:1      | Reached skill level 1 in Stealth
   205 | D:1      | Reached XP level 2. HP: 23/23 MP: 2/2
   722 | D:1      | Reached XP level 3. HP: 25/29 MP: 3/3
  2036 | D:3      | Reached skill level 1 in Short Blades
  2036 | D:3      | Reached XP level 4. HP: 28/36 MP: 4/4
  2439 | D:2      | Found a white marble altar of Elyvilon.
  3283 | D:4      | Reached XP level 5. HP: 31/42 MP: 5/5
  3390 | D:4      | Noticed an ogre
  3405 | D:4      | Killed an ogre
  3406 | D:4      | Reached skill level 2 in Short Blades
  3573 | D:4      | Found a stormy altar of Qazlal.
  3697 | D:4      | Reached XP level 6. HP: 47/51 MP: 6/6
  3807 | D:4      | Found a sacrificial altar of Ru.
  3949 | D:4      | Reached skill level 3 in Short Blades
  3949 | D:4      | Reached skill level 1 in Shields
  4361 | D:5      | Entered Level 5 of the Dungeon
  4392 | D:5      | Your scales start taking on a rich purple colour.
  4392 | D:5      | Reached XP level 7. HP: 56/57 MP: 7/7
  4476 | D:6      | Found a staircase to the Ecumenical Temple.
  4491 | Temple   | Entered the Ecumenical Temple
  4576 | Temple   | Became a worshipper of Hepliaklqana the Forgotten
  4864 | D:5      | Noticed Blork the orc
  4884 | D:5      | Killed Blork the orc
  4885 | D:5      | Reached skill level 4 in Short Blades
  5154 | D:5      | Noticed Ijyb
  5169 | D:5      | Killed Ijyb
  5170 | D:5      | Reached skill level 1 in Spellcasting
  5582 | D:5      | Reached XP level 8. HP: 59/59 MP: 9/9
  5653 | D:6      | Identified the cursed +3 trident "Capnaej" {venom, +Fly
                  | Int+3 Dex-3}
  5653 | D:6      | Identified the +3 ring mail "Namuw" {rF+ Will- Slay+2}
  5653 | D:6      | Identified the cursed +0 buckler "Holodif" {SInv}
  5674 | D:6      | Found a transporter.
  5686 | D:6      | Noticed Saltbearer's ghost (amateur GnDe)
  5730 | D:6      | Found a transporter.
  5822 | D:7      | Reached skill level 1 in Throwing
  5824 | D:7      | Reached * piety under Hepliaklqana
  6288 | D:7      | Reached skill level 5 in Short Blades
  6294 | D:7      | Noticed Joseph
  6307 | D:7      | Killed Joseph
  6862 | D:8      | Learned a level 3 spell: Gell's Gravitas
  6911 | D:8      | Reached skill level 5 in Dodging
  6911 | D:8      | Reached XP level 9. HP: 54/64 MP: 12/12
  7101 | D:8      | Found a runed translucent door.
  7103 | D:8      | Noticed pzskc383's ghost (novice GrEE)
  7192 | D:8      | Found an ornate altar of the Wu Jian Council.
  7269 | D:9      | Reached skill level 1 in Invocations
  7269 | D:9      | Reached skill level 5 in Evocations
  7295 | D:9      | Noticed a troll
  7324 | D:9      | Reached skill level 5 in Stealth
  7398 | D:9      | Found a glowing silver altar of Zin.
  7465 | D:10     | Entered Level 10 of the Dungeon
  7496 | D:9      | Reached skill level 1 in Translocations
  7620 | D:9      | Reached skill level 6 in Short Blades
  7778 | D:8      | Slain by a vampire

Illustrated notes

Levels and vault maps discovered:
D:1:      lemuel_arrival_behind_the_door_large, layout_loops_ring
D:2:      layout_loops_cross, lemuel_doored_altar, grunt_ministairs_13
D:3:      wad_crossroads, layout_basic
D:4:      layout_layer_cave, nicolae_overflow_hidden_temple,
          nicolae_qazlal_general_emergency
D:5:      layout_gridville, uniq_ijyb, uniq_blork_the_orc
D:6:      layout_loops_cross, minmay_temple_entry_statues_pillars,
          gammafunk_ghost_gnarly_gnolls
D:7:      layout_basic, sigmund_edmund_badplayer, uniq_joseph
D:8:      layout_cave_pools, lemuel_coloured_pillars_altar,
          ebering_ghost_inner_flame
D:9:      layout_loops_ring, overflow_temple_1_default, serial_glass,
          glass_columns_b, glass_columns_c, feat_on_display,
          due_unseen_surprise, feat_on_display, feat_on_display
D:10:     cheibrodos_wizards_tower, layout_basic, erik_lair_orcish_takeover
Temple:   minmay_crystal_spiral_temple

Skill      XL: |  1  2  3  4  5  6  7  8  9 |
---------------+----------------------------+-----
Stealth        | 1 2 3 4 5 |  5.1
Fighting       | 2 3 4 |  4.8
Short Blades   | 1 2 3 4 5 6 |  6.0
Dodging        | 3 4 5 |  5.4
Shields        | 1 2 3 |  3.9
Evocations     | 4 5 |  5.1
Spellcasting   | 1 2 |  2.9
Throwing       | 2 |  2.3
Invocations    | 1 |  1.3
Translocations | 1 |  1.1

Action                   |  1- 3 |  4- 6 |  7- 9 || total
-------------------------+-------+-------+-------++-------
Melee: Dagger            |    64 |   222 |   285 ||   571
       Club              |     2 |       |       ||     2
       Tailslap          |    13 |    36 |    47 ||    96
       Short sword       |    73 |    71 |       ||   144
Invok: Ancestor Identity |       |       |     1 ||     1
Evoke: Wand              |     1 |     1 |       ||     2
  Use: Scroll            |       |    11 |     8 ||    19
 Stab: Sleeping          |     6 |     2 |     7 ||    15
       Distracted        |       |       |     1 ||     1
Armor: Skin              |    30 |    85 |    59 ||   174
Dodge: Dodged            |    71 |   147 |    93 ||   311
Block: Kite shield       |       |    67 |    83 ||   150
